 Dungeon Crawl Stone Soup version 0.31-a0-920-g28cbb04a8c (webtiles) character file.

Game seed: 6081597862941228426

18 Xavori the Cutter (level 2, -1/21 HPs)
             Began as an Octopode Chaos Knight on Oct 17, 2023.
             Was a Plaything of Xom.
             Slain by a goblin
             ... wielding a +2 club of chaos
              (3 damage)
             ... on level 1 of the Dungeon.
             The game lasted 00:00:17 (361 turns).

Xavori the Cutter (Octopode Chaos Knight)            Turns: 361, Time: 00:00:17

Health: -1/21      AC:  1    Str: 11    XL:     2   Next: 70%
Magic:  2/2        EV: 13    Int: 14    God:    Xom [..*...]
Gold:   22         SH:  0    Dex: 11    Spells: 1/1 levels left

rFire   . . .        a - +0 short sword (chaos)
rCold   . . .        (no shield)
rNeg    . . .        (helmet restricted)
rPois   .            (no amulet)
rElec   .            (no ring)
rCorr   .            (no ring)
SInv    .            (no ring)
Will    .....        (no ring)
Stlth   ++           (no ring)
HPRegen 0.23/turn    (no ring)
MPRegen 0.08/turn    (no ring)
                     (no ring)

%: no passive effects
@: no status effects
A: almost no armour, amphibious, 8 rings, camouflage 1, gelatinous body 1,
(nimble swimmer 1), tentacles
a: Renounce Religion


You were on level 1 of the Dungeon.
You worshipped Xom.
You were a toy of Xom.
You visited 1 branch of the dungeon, and saw 1 of its levels.

You collected 22 gold pieces.

Inventory:

Hand Weapons
 a - a +0 short sword of chaos (weapon)
Scrolls
 b - a scroll of butterflies
 c - 2 scrolls of amnesia {unknown}
 d - a scroll of blinking {unknown}


   Skills:
 + Level 3.3 Fighting
 + Level 3.3 Short Blades
 + Level 2.7 Dodging


You had one spell level left.
You didn't know any spells.
Your spell library was empty.

Dungeon Overview and Level Annotations

Branches:
Dungeon (1/15)

Altars:


Innate Abilities, Weirdness & Mutations

You cannot wear most types of armour.
You are amphibious.
You can wear up to eight rings at the same time.
Your skin changes colour to match your surroundings (Stealth+).
Your rubbery body absorbs attacks. (AC +1, EV +1)
((You are camouflaged when in or above water. (Stealth+)))
You have tentacles for arms and can constrict up to eight enemies at once.


Message History

You see here a +0 leather armour.
There is a stone staircase leading down here.
Key pressed, stopping explore.
No target in view!
No target in view!
You open the door.
There is an open door here.
Key pressed, stopping explore.
No target in view!
You open the door.
There is an open door here.
You open the door.
A quokka comes into view.
There is an open door here.
A quokka is nearby!
The quokka bites you.
A quokka is nearby!
You hit the quokka.
You kill the quokka!
You see here a quokka corpse.
A goblin comes into view. It is wielding a +0 club.
Xom's power touches on a nearby weapon.
The goblin's +0 club erupts in a glittering mayhem of colour.
The goblin shouts!
A goblin is nearby!
A goblin is nearby!
A goblin is nearby!
A kobold comes into view. It is wielding a +3 whip.
The goblin hits you with a +2 club of chaos.
Space warps horribly around you!!
Ouch! That really hurt!
You die... "What?
Wait, NO!"
Xom revives you!
The kobold shouts!
You hit the goblin.
The goblin is poisoned.
Your grab misses the goblin.
The goblin is moderately wounded.
The goblin hits you with a +2 club of chaos.
You die... "It's all fun and games until someone loses an eye."

### #.############
#.....@g...K.. #†############
#.# ####'##### #........#
#........###########
#####........##........#######
#...)........'.........'......
#.###..).†.(.#.........#######


You could see a goblin (poisoned) and a kobold.

Vanquished Creatures
  A dart slug (D:1)
  An endoplasm (D:1)
  4 goblins (D:1)
  A hobgoblin (D:1)
  3 jackals (D:1)
  A kobold (D:1)
  A quokka (D:1)
  A ball python (D:1)
  A bat (D:1)
  A rat (D:1)
15 creatures vanquished.

Notes
Turn   | Place    | Note
-------+----------+-------------------------------------------
     0 | D:1      | Xavori the Octopode Chaos Knight began the quest for the
                  | Orb.
     0 | D:1      | Reached XP level 1. HP: 16/16 MP: 1/1
    59 | D:1      | XOM: butterfly on damage
   164 | D:1      | Reached XP level 2. HP: 21/21 MP: 2/2
   202 | D:1      | XOM: silly message
   358 | D:1      | XOM: chaos upgrade
   360 | D:1      | Xom revived you
   361 | D:1      | Slain by a goblin

Illustrated notes

Levels and vault maps discovered:
D:1:      scummos_arrival_forest, layout_basic,
          hellmonk_ecumenical_altar_zigzags

Action                     || total
---------------------------++-------
  Melee: Short sword       ||    28
         Tentacles         ||     8
         Constrict         ||     6
   Stab: Sleeping          ||     1
 Armour: Skin              ||    19
  Dodge: Dodged            ||    21

Table legend: (Time is in decaauts)
 A = Elapsed time spent in this place.
 B = Non-inter-level travel time spent in this place.
 C = Inter-level travel time spent in this place.
 D = Time resting spent in this place.
 E = Time spent auto-exploring this place.
 F = Levels seen in this place.
 G = Mean time per level.
                   A        B        C        D        E       F      G
               +--------+--------+--------+--------+--------+-----+--------+
         Total |    356 |    356 |      0 |     38 |    247 |   1 |  356.0 |
       Dungeon |    356 |    356 |      0 |     38 |    247 |   1 |  356.0 |
               +--------+--------+--------+--------+--------+-----+--------+

Top non-repeatable levels by time:
     D:1: 356 daAuts
